 Dungeon Crawl Stone Soup version 0.18-a0-1702-gd20c6a5 (webtiles) character file.

107 Oddball22 the Ruffian (level 4, -1/41 HPs)
             Began as a Ghoul Monk on Apr 6, 2016.
             Killed from afar by Ebgish's ghost (7 damage)
             ... with a puff of flame
             ... on level 3 of the Dungeon.
             The game lasted 00:03:52 (1817 turns).

Oddball22 the Ruffian (Ghoul Monk)                  Turns: 1817, Time: 00:03:52

Health: -1/41      AC:  2    Str: 14    XL:     4   Next: 86%
Magic:  3/3        EV: 19    Int:  5    God:
Gold:   123        SH:  0    Dex: 17    Spells: 0 memorised, 3 levels left

rFire  . . .     SeeInvis .     m - +0 arbalest
rCold  + . .     Gourm    .     a - +0 robe
rNeg   + + +     Faith    .     (shield currently unavailable)
rPois  ∞         Spirit   .     (no helmet)
rElec  .         Dismiss  .     (no cloak)
rCorr  .         Reflect  .     (no gloves)
SustAt .         Harm     .     (no boots)
MR     .....                    (no amulet)
Stlth  ++++......               (no ring)
                                f - ring of stealth

@: agile, rotting, not resistant to hostile enchantments, stealthy
A: rotting body, claws 1, carnivore 3, cold resistance 1, negative energy
resistance 3, slow regeneration 1, torment resistance, unbreathing
a: no special abilities


You were on level 3 of the Dungeon.
You were not hungry.

You visited 1 branch of the dungeon, and saw 3 of its levels.

You collected 123 gold pieces.

Inventory:

Hand Weapons
 m - a +0 arbalest (weapon)
Missiles
 n - 5 bolts (quivered)
Armour
 a - a +0 robe (worn)
Jewellery
 f - a ring of stealth (left claw)
Scrolls
 g - 3 scrolls of identify {unknown}
 h - 2 scrolls of magic mapping {unknown}
 o - a scroll of remove curse {unknown}
Potions
 c - a potion of flight {unknown}
 d - a potion of brilliance {unknown}
 e - a potion of agility
 i - 2 potions of ambrosia {unknown}
 j - a potion of degeneration {unknown}
Comestibles
 b - a meat ration
 k - a beef jerky
 l - 4 chunks of flesh


   Skills:
 + Level 4.4 Fighting
 + Level 3.2 Dodging
 - Level 2.1 Stealth
 * Level 5.4 Unarmed Combat


You had 3 spell levels left.
You didn't know any spells.

Dungeon Overview and Level Annotations

Branches:
Dungeon (3/15)

Altars:

Annotations:
D:3 Ebgish's ghost, amateur OpFE


Innate Abilities, Weirdness & Mutations

Your body is rotting away.
You thrive on raw meat.
You are immune to poison.
You have sharp fingernails.
You are carnivorous and can eat meat at any time.
Your flesh is cold resistant.
You are immune to negative energy.
You regenerate slowly when monsters are visible.
You are immune to unholy pain and torment.
You can survive without breathing.


Message History

Aim: Ebgish's ghost (lightly damaged)
You shoot a bolt. The bolt hits Ebgish's ghost!
Ebgish's ghost is heavily damaged.
Ebgish's ghost misses you.
Firing (i - inventory):
n - 6 bolts (quivered)
Press: ? - help, Shift-Dir - straight line, f/p - Ebgish's ghost
Aim: Ebgish's ghost (heavily damaged)
You shoot a bolt. The bolt barely misses Ebgish's ghost.
Ebgish's ghost casts a spell at you. The puff of flame hits you!
* * * LOW HITPOINT WARNING * * *
Ebgish's ghost hits you.
* * * LOW HITPOINT WARNING * * *
You are too injured to fight recklessly!
Drink which item? (? for menu, Esc to quit)
It was a potion of agility.
You feel agile all of a sudden. Ebgish's ghost casts a spell at you.
The puff of flame hits you!
You die...

... #.#.# #.#.#
### .# #.#.#
#....#
#.#?####.##.#
#..?..##.##.##
#.....##.##..
#.!...##.##.#
#..@..##.##.##
#.W...##.....#
#(#......>#..#
.....#.###.#..#
..$.............#
...(........#.#.##
(..(.....<..#.#.#
(#######....#.#.#
......#.#.#


You could see Ebgish's ghost.

Vanquished Creatures
  5 adders
  An ooze (D:2)
  A worm (D:2)
  5 dart slugs
  A giant cockroach (D:2)
  9 hobgoblins
  A quokka (D:2)
  7 bats
  A giant newt (D:2)
  7 goblins
  3 kobolds
  8 rats
49 creatures vanquished.

Notes
Turn   | Place    | Note
--------------------------------------------------------------
     0 | D:1      | Oddball22 the Ghoul Monk began the quest for the Orb.
     0 | D:1      | Reached XP level 1. HP: 19/19 MP: 0/0
   397 | D:1      | Reached XP level 2. HP: 23/27 MP: 1/1
   808 | D:2      | Reached XP level 3. HP: 33/33 MP: 2/2
  1040 | D:2      | Reached skill level 5 in Unarmed Combat
  1178 | D:2      | Reached XP level 4. HP: 39/40 MP: 3/3
  1805 | D:3      | Noticed Ebgish's ghost (amateur OpFE)
  1817 | D:3      | Killed from afar by Ebgish's ghost

Vault maps used:
D:1:      dpeg_arrival_leaves_temple_mockup
D:2:      grunt_decor_arrowhead

Skill      XL: |  1  2  3 |
---------------+----------+-----
Fighting       | 4 |  4.4
Dodging        | 3 |  3.2
Unarmed Combat | 5 |  5.4
Stealth        | |  2.1

Action                   |  1- 3 |  4- 6 || total
-------------------------+-------+-------++-------
Melee: Unarmed           |    79 |    49 ||   128
 Fire: Arbalest          |       |     5 ||     5
  Use: Potion            |       |     1 ||     1
 Stab: Sleeping          |     6 |     1 ||     7
       Distracted        |       |     1 ||     1
  Eat: Chunk             |     2 |     3 ||     5
